 Dungeon Crawl Stone Soup version 0.19-a0-569-g984bae3 (webtiles) character file.

107 shmeve the Skirmisher (level 4, -2/35 HPs)
             Began as a Vampire Berserker on June 8, 2016.
             Was a Believer of Trog.
             Slain by a worm (6 damage)
             ... on level 3 of the Dungeon.
             The game lasted 00:03:18 (1791 turns).

shmeve the Skirmisher (Vampire Berserker)           Turns: 1791, Time: 00:03:19

Health: -2/35      AC:  5    Str: 17    XL:     4   Next: 56%
Magic:  4/4        EV: 12    Int:  9    God:    Trog [**....]
Gold:   232        SH:  0    Dex: 13    Spells: 0 memorised, 3 levels left

rFire  + . .     SeeInvis +     a - +0 hand axe
rCold  . . .     Gourm    .     m - +0 ring mail
rNeg   . . .     Faith    .     (no shield)
rPois  .         Spirit   .     (no helmet)
rElec  .         Dismiss  .     (no cloak)
rCorr  .         Reflect  .     (no gloves)
SustAt .         Harm     .     (no boots)
MR     .....                    (no amulet)
Stlth  +.........               (no ring)
                                q - ring of protection from fire

@: regenerating quickly, not resistant to hostile enchantments, very unstealthy
A: fangs 3, see invisible, unbreathing
a: Berserk, Trog's Hand, Burn Spellbooks, Renounce Religion


You were on level 3 of the Dungeon.
You worshipped Trog.
Trog was pleased with you.
You were full.

You visited 1 branch of the dungeon, and saw 3 of its levels.

You collected 232 gold pieces.

Inventory:

Hand Weapons
 a - a +0 hand axe (weapon)
Armour
 m - a +0 ring mail (worn)
Jewellery
 q - a ring of protection from fire (left hand)
Wands
 b - a wand of flame (16/48)
Scrolls
 d - a scroll of remove curse {unknown}
 e - a scroll of teleportation {unknown}
 g - 5 scrolls of identify {unknown}
 i - 3 scrolls of amnesia {unknown}
 n - a scroll of noise {unknown}
 o - 2 scrolls of enchant weapon {unknown}
 s - a scroll of blinking {unknown}
Potions
 c - 2 potions of blood
 f - 2 potions of haste {unknown}
 h - a potion of agility {unknown}
 j - 2 potions of heal wounds {unknown}
 k - a potion of mutation {unknown}
 l - 4 potions of lignification {unknown}
 p - a potion of resistance {unknown}
 r - a potion of degeneration {unknown}


   Skills:
 * Level 3.4 Fighting
 * Level 3.3 Axes
 - Level 1.5 Armour
 * Level 3.4 Dodging
 + Level 2.2 Stealth


You had 3 spell levels left.
You didn't know any spells.

Dungeon Overview and Level Annotations

Branches:
Dungeon (3/15)

Altars:
Ashenzari


Innate Abilities, Weirdness & Mutations

Your natural rate of healing is unusually fast.
You have razor-sharp teeth.
You have supernaturally acute eyesight. (SInv)
You can survive without breathing.


Message History

You hit the worm.
You kill the worm!
Trog accepts your kill.
You see here a worm corpse.
s - a scroll labeled RUDOSE PERAPU A worm comes into view.
The worm barely misses you.
You hit the worm.
The worm is lightly wounded.
The worm bites you!
You hit the worm.
The worm is lightly wounded.
You slash the worm! You bite the worm, but do no damage.
The worm is heavily wounded.
The worm bites you!
* * * LOW HITPOINT WARNING * * *
You hit the worm.
The worm is heavily wounded.
The worm bites you.
You die...

## .# .# .# ####### .#
.# #.....### .#
.###.#.....# .#
.....#.....# .#
######.....# .#
..#....#.### ####.#
#.#.#..#.#####..@w####.
......>.................
#.#..#.###.###.#####....
#..........# #.# .##
....#.###### #.# #####.#
#####.## ......#
#......#### #######
#.........# #.......#.#


You could see a worm.

Vanquished Creatures
  2 orc wizards (D:3)
  An ooze (D:1)
  A worm (D:3)
  A dart slug (D:1)
  5 giant geckos
  An orc (D:3)
  A giant cockroach (D:2)
  4 goblins
  5 hobgoblins
  A ball python skeleton (D:3)
  4 bats
  A giant newt (D:2)
  8 kobolds
  2 rats (D:1)
37 creatures vanquished.

Notes
Turn   | Place    | Note
--------------------------------------------------------------
     0 | D:1      | shmeve the Vampire Berserker began the quest for the Orb.
     0 | D:1      | Reached XP level 1. HP: 17/17 MP: 1/1
   145 | D:1      | Reached skill level 1 in Stealth
   241 | D:1      | Reached XP level 2. HP: 22/23 MP: 2/2
   352 | D:1      | Found a shattered altar of Ashenzari.
  1088 | D:2      | Reached XP level 3. HP: 29/29 MP: 3/3
  1131 | D:2      | Reached ** piety under Trog
  1689 | D:3      | Reached XP level 4. HP: 35/35 MP: 4/4
  1791 | D:3      | Slain by a worm

Vault maps used:
D:1:      minmay_arrival_stone_box, nicolae_ashenzari_panopticon

Skill      XL: |  1  2  3  4 |
---------------+-------------+-----
Stealth        | 1 2 |  2.2
Axes           | 3 |  3.3
Fighting       | 3 |  3.4
Dodging        | 3 |  3.4
Armour         | |  1.5

Action                   |  1- 3 |  4- 6 || total
-------------------------+-------+-------++-------
Melee: Hand axe          |   103 |    16 ||   119
       Bite              |    10 |     2 ||    12
Invok: Burn Spellbooks   |     1 |       ||     1
       Berserk           |     1 |       ||     1
 Stab: Sleeping          |     1 |       ||     1
  Eat: Corpse            |    10 |     1 ||    11
Armor: Animal skin       |    12 |       ||    12
       Ring mail         |    24 |       ||    24
Dodge: Dodged            |    82 |     7 ||    89
